 Dungeon Crawl Stone Soup version 0.21.1-1-g345015fe64 (webtiles) character file.

37 Holzbalken the Poker (level 3, -5/29 HPs)
             Began as a Merfolk Berserker on July 3, 2018.
             Was a Follower of Trog.
             Slain by a killer bee (7 damage)
             ... on level 2 of the Dungeon.
             The game lasted 00:07:27 (1067 turns).

Holzbalken the Poker (Merfolk Berserker)            Turns: 1067, Time: 00:07:27

Health: -5/29      AC:  2    Str: 17    XL:     3   Next: 39%
Magic:  3/3        EV: 13    Int:  6    God:    Trog [*.....]
Gold:   62         SH:  0    Dex: 14    Spells: 2/2 levels left

rFire    . . .     SeeInvis .   a - +0 spear
rCold    . . .     Gourm    .   (no shield)
rNeg     . . .     Faith    .   b - +0 animal skin
rPois    .         Spirit   .   (no helmet)
rElec    .         Reflect  .   (no cloak)
rCorr    .         Harm     .   (no gloves)
MR       .....                  (no boots)
Stlth    +.........             (no amulet)
HPRegen  0.09/turn              (no ring)
MPRegen  0.08/turn              (no ring)

@: lethally poisoned (-5 -> -20)
A: change form in water, swift swim, stealthy swim
a: Berserk, Burn Spellbooks, Renounce Religion


You were on level 2 of the Dungeon.
You worshipped Trog.
Trog was aware of your devotion.
You were not hungry.

You visited 1 branch of the dungeon, and saw 2 of its levels.

You collected 62 gold pieces.

Inventory:

Hand Weapons
 a - a +0 spear (weapon)
Armour
 b - a +0 animal skin (worn)
Jewellery
 i - an uncursed ring of flight {unknown}
Scrolls
 d - 2 scrolls of teleportation {unknown}
 e - 2 scrolls of enchant weapon {unknown}
 f - a scroll of random uselessness {unknown}
 h - a scroll of remove curse {unknown}
 k - a scroll of identify {unknown}
Potions
 j - a potion of curing {unknown}
Comestibles
 c - 3 rations
 g - a chunk of flesh


   Skills:
 - Level 3.4 Fighting
 + Level 6.1 Polearms
 - Level 1.3 Armour
 - Level 2.9 Dodging


You had 2 spell levels left.
You didn't know any spells.

Dungeon Overview and Level Annotations

Branches:
Dungeon (2/15)

Altars:
Ru
Xom
The Shining One


Message History

The killer bee barely misses you. The killer bee closely misses you.
The killer bee stings you!
You are poisoned.
The killer bee poisons you! The killer bee stings you.
You feel sick.
You feel sick.
You feel sick. The killer bee stings you. The killer bee completely misses you.
The killer bee stings you. The killer bee closely misses you.
You feel sick. The killer bee closely misses you.
The killer bee stings you but does no damage.
The killer bee stings you!
* * * LOW HITPOINT WARNING * * *
You are more poisoned.
The killer bee poisons you!
You hit the killer bee but do no damage.
* * * LOW HITPOINT WARNING * * *
You feel sick. The killer bee completely misses you. The killer bee stings you!
You die...

#.#.##.# ..# #.#.##(##..#
#.#...(....# #.#.#..#<).#
#......#...# ..#
#######......#.#.# #..
........##......... #y?
########....)..#...###
##..######....yy@.....###.###
....#......##..y..........#
.$.[#.#####......(.)..#####
....#.# #.##......#.# #...y#
#...........## ######
####..###8..8# #..###....#
#...###..### #...#⌠.....#


You could see 3 killer bees.

Vanquished Creatures
  An adder (D:2)
  2 dart slugs
  5 goblins
  5 hobgoblins
  2 jackals (D:1)
  4 bats
  2 kobolds (D:1)
  2 rats (D:1)
23 creatures vanquished.

Notes
Turn   | Place    | Note
-------+----------+-------------------------------------------
     0 | D:1      | Holzbalken the Merfolk Berserker began the quest for the Orb.
     0 | D:1      | Reached XP level 1. HP: 18/18 MP: 1/1
   264 | D:1      | Reached XP level 2. HP: 24/24 MP: 2/2
   387 | D:1      | Reached skill level 5 in Polearms
   840 | D:2      | Noticed a killer bee
   840 | D:2      | Noticed a killer bee
   899 | D:2      | Reached XP level 3. HP: 29/29 MP: 3/3
   983 | D:2      | Reached skill level 6 in Polearms
  1004 | D:2      | Found a shimmering altar of Xom.
  1004 | D:2      | Found a glowing golden altar of the Shining One.
  1009 | D:2      | Found a sacrificial altar of Ru.
  1053 | D:2      | Noticed a killer bee
  1067 | D:2      | Slain by a killer bee

Skill      XL: |  1  2  3 |
---------------+----------+-----
Polearms       | 5 6 |  6.1
Fighting       | |  3.4
Armour         | |  1.3
Dodging        | |  2.9

Action                   || total
-------------------------++-------
Melee: Spear             ||    60
Invok: Berserk           ||     3
 Stab: Sleeping          ||     1
  Eat: Chunk             ||     3
Armor: Animal skin       ||     3
Dodge: Dodged            ||    38
